 Dungeon Crawl Stone Soup version 0.27.0-1-g7a089689b8 (webtiles) character file.

Game seed: 11165991313445070577

47 Leibowitz the Skirmisher (level 3, -5/24 HPs)
             Began as a Kobold Fighter on Aug 11, 2021.
             Splashed by a jelly's acid (6 damage)
             ... on level 2 of the Dungeon.
             The game lasted 00:01:47 (1202 turns).

Leibowitz the Skirmisher (Kobold Fighter)           Turns: 1202, Time: 00:01:49

Health: -5/24      AC:  2    Str: 13    XL:     3   Next: 97%
Magic:  3/3        EV: 10    Int:  9    God:
Gold:   32         SH:  5    Dex: 15    Spells: 2/2 levels left

rFire    . . .     SeeInvis .   a - +0 rapier
rCold    . . .     Faith    .   c - +0 buckler
rNeg     . . .     Spirit   .   b - +0 scale mail
rPois    .         Reflect  .   (no helmet)
rElec    .         Harm     .   (no cloak)
rCorr    .         Rampage  .   (no gloves)
Will     .....                  (no boots)
Stlth    +.........             (no amulet)
HPRegen  0.08/turn              (no ring)
MPRegen  0.08/turn              (no ring)

@: corroded
A: small, no large weapons, nightstalker 3
a: no special abilities


You were on level 2 of the Dungeon.
You visited 1 branch of the dungeon, and saw 2 of its levels.

You collected 32 gold pieces.

Inventory:

Hand Weapons
 a - a +0 rapier (weapon)
Armour
 b - a +0 scale mail (worn)
 c - a +0 buckler (worn)
Jewellery
 g - an amulet of guardian spirit
Scrolls
 e - a scroll of enchant armour {unknown}
 i - a scroll of noise {unknown}
 l - a scroll of enchant weapon {unknown}
 m - a scroll of blinking {unknown}
Potions
 d - a potion of might
 f - a potion of flight {unknown}
 h - a potion of brilliance {unknown}
 j - a potion of resistance {unknown}
 k - 2 potions of degeneration {unknown}


   Skills:
 + Level 4.1 Fighting
 + Level 3.4 Short Blades
 + Level 2.5 Armour
 + Level 2.7 Shields


You had 2 spell levels left.
You didn't know any spells.
Your spell library contained the following spells:

 Spells                   Type           Power      Damage    Failure   Level
 Magic Dart               Conj           0%         1d3       94%         1
 Call Imp                 Summ           0%         N/A       98%         2
 Mephitic Cloud           Conj/Pois/Air  0%         N/A       100%        3
 Summon Guardian Golem    Hex/Summ       0%         N/A       100%        3
 Orb of Destruction       Conj           0%         N/A       100%        7
 Spellforged Servitor     Conj/Summ      0%         N/A       100%        7


Dungeon Overview and Level Annotations

Branches:
Dungeon (2/15)

Altars:


Innate Abilities, Weirdness & Mutations

You are small and have problems with some larger weapons.
You are completely attuned to the shadows.


Message History

You completely miss the hobgoblin.
The hobgoblin is almost dead.
The hobgoblin barely misses you.
An adder comes into view.
You hit the hobgoblin.
You kill the hobgoblin!
You hit the adder.
The adder is heavily wounded.
The adder misses you. You block the adder's attack.
You hit the adder.
The adder is almost dead.
The adder barely misses you.
You hit the adder.
You kill the adder!
Your Fighting skill increases to level 4!
You see here an adder corpse.
A frilled lizard comes into view.
A jelly comes into view.
The frilled lizard hisses angrily.
The jelly quivers.
The frilled lizard bites you but does no damage.
You puncture the frilled lizard!
You kill the frilled lizard!
You hit the jelly. The acid corrodes you!
Your hands burn!
The jelly is moderately wounded.
The jelly barely misses you. The jelly closely misses you.
You hit the jelly but do no damage.
Your hands burn!
The jelly is moderately wounded.
The jelly misses you.
You hit the jelly.
Your hands burn!
The jelly is heavily wounded.
The jelly hits you.
You are splashed with acid!
* * * LOW HITPOINT WARNING * * *
You hit the jelly but do no damage.
Your hands burn!
* * * LOW HITPOINT WARNING * * *
The jelly is heavily wounded.
The jelly hits you.
* * * LOW HITPOINT WARNING * * *
You are splashed with acid.
You die...

###.###.#.....#
#.....#.###.#
.#
#.#####.###.#
... #.#
#...#.###...
#.#
#..........#
#.#
#...........
#.#####.#...
#.#####..... .
....@J....
###.......
###.#... ......
##.


You could see a jelly.

Vanquished Creatures
  An adder (D:2)
  A dart slug (D:1)
  An endoplasm (D:2)
  3 giant cockroaches (D:1)
  3 goblins (D:1)
  5 hobgoblins
  4 jackals (D:1)
  A quokka (D:1)
  4 ball pythons
  2 bats (D:1)
  A frilled lizard (D:2)
  2 kobolds (D:1)
  4 rats (D:1)
32 creatures vanquished.

Vanquished Creatures (others)
  4 fungi (D:2)
4 creatures vanquished.

Grand Total: 36 creatures vanquished

Notes
Turn   | Place    | Note
-------+----------+-------------------------------------------
     0 | D:1      | Leibowitz the Kobold Fighter began the quest for the Orb.
     0 | D:1      | Reached XP level 1. HP: 14/14 MP: 1/1
   170 | D:1      | Reached XP level 2. HP: 18/19 MP: 2/2
   284 | D:1      | Reached XP level 3. HP: 8/24 MP: 3/3
  1156 | D:2      | Reached skill level 4 in Fighting
  1202 | D:2      | HP: 1/24 [jelly (2)]
  1202 | D:2      | Splashed by a jelly's acid

Illustrated notes

Levels and vault maps discovered:
D:1:      minmay_arrival_solitary_statue, layout_rooms
D:2:      layout_basic, serial_park_tiny_1, uniq_crazy_yiuf_cottage

Skill      XL: |  1  2  3 |
---------------+----------+-----
Short Blades   | 3 |  3.4
Fighting       | 4 |  4.1
Armour         | |  2.5
Shields        | |  2.7

Action                   || total
-------------------------++-------
Melee: Rapier            ||   111
Armor: Scale mail        ||    43
Dodge: Dodged            ||    71
Block: Buckler           ||    27
